 Dungeon Crawl Stone Soup version 0.22-a0-293-gc9362ec (webtiles) character file.

124 grizmgrazm2 the Grave Robber (level 4, 0/33 HPs)
             Began as a Demonspawn Necromancer on Mar 24, 2018.
             Slain by a worker ant (4 damage)
             ... on level 4 of the Dungeon.
             The game lasted 00:07:39 (2946 turns).

grizmgrazm2 the Grave Robber (DsNe)                 Turns: 2946, Time: 00:07:41

Health: 0/33       AC:  9    Str: 12    XL:     4   Next: 81%
Magic:  7/7        EV: 10    Int: 21    God:
Gold:   152        SH:  0    Dex: 19    Spells: 6/7 levels left

rFire    + + .     SeeInvis .   k - +0 falchion
rCold    + . .     Gourm    .   (no shield)
rNeg     . . .     Faith    .   a - +3 scale mail {rF+}
rPois    .         Spirit   .   (no helmet)
rElec    .         Reflect  .   (no cloak)
rCorr    .         Harm     .   (no gloves)
MR       .....                  (no boots)
Stlth    +.........             (no amulet)
HPRegen  0.11/turn              e - +6 ring of dexterity
MPRegen  0.10/turn              b - ring of protection from cold

@: brilliant, lethally poisoned (0 -> -12)
A: fire resistance 1, spiny 1, strong 1
a: no special abilities


You were on level 4 of the Dungeon.
You were hungry.

You visited 1 branch of the dungeon, and saw 4 of its levels.

You collected 152 gold pieces.

Inventory:

Hand Weapons
 d - a +0 short sword
 k - a +0 falchion (weapon)
Armour
 a - a +3 scale mail of fire resistance (worn)
 i - a +0 ring mail
Jewellery
 b - a ring of protection from cold (right hand)
 e - a +6 ring of dexterity (left hand)
 n - an uncursed amulet of the gourmand {unknown}
Wands
 o - a wand of random effects (25)
 q - a wand of enslavement (8)
Scrolls
 l - 2 scrolls of remove curse {unknown}
 r - a scroll of identify {unknown}
Potions
 g - a potion of mutation
 h - a potion of flight
 m - a potion of agility {unknown}
 p - 2 potions of curing {unknown}
Comestibles
 c - 11 rations


   Skills:
 * Level 2.0 Fighting
 + Level 0.8(1.0) Short Blades
 + Level 0.3(0.6) Long Blades
 + Level 1.8 Armour
 + Level 2.0 Dodging
 + Level 1.8 Stealth
 + Level 2.4 Spellcasting
 + Level 5.0 Necromancy


You had 6 spell levels left.
You knew the following spells:

 Your Spells              Type           Power        Failure   Level  Hunger
a - Pain                  Necr           ####         1%          1    None


Dungeon Overview and Level Annotations

Branches:
Dungeon (4/15)
 Temple: D:4-7

Altars:
Nemelex Xobeh


Innate Abilities, Weirdness & Mutations

You are partially covered in sharp spines.
Your flesh is heat resistant. (rF+)
Your muscles are strong. (Str +2)


Message History

The worker ant bites you.
You are poisoned.
The worker ant poisons you!
It was a potion of brilliance.
You feel clever all of a sudden.
You feel sick.
The worker ant is struck by your spines.
The worker ant bites you.
* * * LOW HITPOINT WARNING * * *
The worker ant bites you.
* * * LOW HITPOINT WARNING * * *
You are more poisoned.
The worker ant poisons you!
It was a potion of mutation.
You feel extremely strange.
You feel resistant to heat.
You feel stronger.
* * * LOW HITPOINT WARNING * * *
You feel sick.
The worker ant is struck by your spines.
The worker ant bites you.
You die...

..# ..##### ###..##
....... .......
...#.#.#### ......(
..........##......)
...................
.........a.........
.......<@a.........
...........†..%....
..............###..
............#....
..............###
...?........###
..?.#.......#
#####.##(...#


You could see 2 worker ants.

Vanquished Creatures
  A hound (D:4)
  Terence (D:3)
  2 adders
  2 giant cockroaches
  8 hobgoblins
  4 jackals (D:3)
  2 ball pythons (D:1)
  7 bats
  4 frilled lizards
  8 goblins
  A jackal skeleton (D:4)
  8 kobolds
  A rat (D:1)
49 creatures vanquished.

Notes
Turn   | Place    | Note
-------+----------+-------------------------------------------
     0 | D:1      | grizmgrazm2 the Demonspawn Necromancer began the quest for the Orb.
     0 | D:1      | Reached XP level 1. HP: 13/13 MP: 3/3
   395 | D:1      | Gained mutation: You are partially covered in sharp spines. [demonic ancestry]
   395 | D:1      | Reached XP level 2. HP: 5/19 MP: 0/5
  1567 | D:2      | Reached XP level 3. HP: 25/25 MP: 6/6
  1960 | D:2      | Reached skill level 1 in Fighting
  2180 | D:3      | Reached skill level 5 in Necromancy
  2562 | D:3      | Found a sparkling altar of Nemelex Xobeh.
  2593 | D:3      | Noticed Terence
  2605 | D:3      | Killed Terence
  2605 | D:3      | Reached skill level 1 in Armour
  2605 | D:3      | Reached XP level 4. HP: 26/33 MP: 3/7
  2946 | D:4      | Gained mutation: Your flesh is heat resistant. (rF+) [potion of mutation]
  2946 | D:4      | Gained mutation: Your muscles are strong. (Str +2) [potion of mutation]
  2946 | D:4      | Slain by a worker ant

Vault maps used:
D:1:      evilmike_arrival_rings, serial_corexii_hall, corexii_hall_statues_t,
          corexii_hall_statues_x
D:2:      minmay_goblin_outpost
D:3:      nemelex_diamond_rough_becter, uniq_terence
D:4:      corexii_shantytown, first_ration

Skill      XL: |  1  2  3  4 |
---------------+-------------+-----
Fighting       | 1 2 |  2.0
Necromancy     | 5 |  5.0
Armour         | 1 |  1.8
Dodging        | 2 |  2.0
Short Blades   | |  0.8
Long Blades    | |  0.3
Stealth        | |  1.8
Spellcasting   | |  2.4

Action                   |  1- 3 |  4- 6 || total
-------------------------+-------+-------++-------
Melee: Dagger            |    17 |       ||    17
       Short sword       |    68 |       ||    68
       Falchion          |    10 |    18 ||    28
Throw: Stone             |     7 |       ||     7
 Cast: Pain              |    17 |     1 ||    18
  Use: Scroll            |     4 |       ||     4
       Potion            |     2 |     2 ||     4
 Stab: Sleeping          |     2 |       ||     2
  Eat: Chunk             |     5 |     1 ||     6
Armor: Ring mail         |    20 |       ||    20
       Robe              |     1 |       ||     1
       Scale mail        |    32 |    11 ||    43
Dodge: Dodged            |    56 |    12 ||    68
       Rpst.: Falchion   |     2 |     5 ||     7

Table legend:
 A = Spawn XP
 B = Non-spawn XP
 C = Spawn XP percentage of total XP
 D = Spawn monster count
 E = Non-spawn monster count
 F = Spawn count percentage of total count
 G = Total turns spent on level
                    A         B        C        D         E        F      G
               +---------+---------+-------+---------+---------+-------+---------
         Total |       0 |     178 |   0.0 |       0 |      49 |   0.0 |  2946
               +---------+---------+-------+---------+---------+-------+---------
           D:1 |       0 |      26 |   0.0 |       0 |      18 |   0.0 |  1202
           D:2 |       0 |      33 |   0.0 |       0 |      13 |   0.0 |   912
           D:3 |       0 |      76 |   0.0 |       0 |      16 |   0.0 |   813
           D:4 |       0 |      43 |   0.0 |       0 |       2 |   0.0 |    19
               +---------+---------+-------+---------+---------+-------+---------
